 Dungeon Crawl Stone Soup version 0.29-a0-870-g2c972031a6 (webtiles) character file.

Game seed: 4285636811262782522

1752 jimonade the Covered (level 9, -11/66 HPs)
             Began as a Djinni Fighter on July 17, 2022.
             Was a Believer of Okawaru.
             Mangled by an ice beast (21 damage)
             ... on level 7 of the Dungeon.
             The game lasted 00:19:28 (9808 turns).

jimonade the Covered (Djinni Fighter)               Turns: 9808, Time: 00:19:29

Health: -11/66     AC: 13    Str: 15    XL:     9   Next: 27%
Gold:   459        EV:  7    Int: 15    God:    Okawaru [**....] SH:  6 Dex: 15

rFire   + + .      SeeInvis .   a - +2 short sword (venom)
rCold   x . .      Faith    .   c - +1 buckler
rNeg    . . .      Spirit   .   G - +0 chain mail
rPois   ∞          Reflect  .   s - +2 helmet {Int+3}
rElec   .          Harm     .   (no cloak)
rCorr   .          Rampage  .   (no gloves)
Will    .....                   (boots unavailable)
Stlth   ..........              (no amulet)
HPRegen 0.21/turn               (no ring)
MPRegen 0.00/turn               (no ring)

@: flying
A: sickness immunity, fire resistance 2, cold vulnerability 1, float, innate
caster, HP casting, extra vitality 1
a: Renounce Religion, Heroism


You were on level 7 of the Dungeon.
You worshipped Okawaru.
Okawaru was pleased with you.
You visited 1 branch of the dungeon, and saw 7 of its levels.
You also visited: Sewer.

You collected 459 gold pieces.

Inventory:

Hand Weapons
 a - a +2 short sword of venom (weapon)
 b - a +0 sling
 i - a +0 long sword
 o - a +2 dagger of flaming
 B - a +3 dagger
 F - a +0 scimitar
 Q - a +2 whip of electrocution
 U - a +0 shortbow
Missiles
 h - 10 poisoned darts (quivered)
 v - 64 stones
 A - 11 boomerangs
 H - 4 javelins
Armour
 c - a +1 buckler (worn)
 k - a +0 robe
 q - a +0 leather armour
 s - a +2 helmet of intelligence (worn)
 E - a +0 scale mail
 G - a +0 chain mail (worn)
 N - a +2 leather armour of positive energy
Magical Staves
 D - a staff of death
 O - a staff of conjuration
Wands
 z - a wand of flame (7)
 C - a wand of digging (5)
 M - a wand of paralysis (5)
 S - a wand of iceblast (2)
Scrolls
 e - 3 scrolls of magic mapping
 j - a scroll of enchant weapon {unknown}
 m - 7 scrolls of identify
 t - a scroll of summoning {unknown}
 I - 2 scrolls of poison
 K - a scroll of torment {unknown}
 P - a scroll of vulnerability {unknown}
 T - a scroll of fog
Potions
 d - a potion of might
 f - 4 potions of curing
 g - a potion of attraction
 l - a potion of degeneration {unknown}
 n - a potion of flight {unknown}
 p - a potion of mutation {unknown}
 r - 3 potions of haste
 w - 2 potions of brilliance {unknown}
 J - a potion of lignification {unknown}
 L - a potion of cancellation {unknown}
 R - a potion of heal wounds {unknown}


   Skills:
 * Level 6.0 Fighting
 + Level 4.3(4.6) Short Blades
 + Level 2.3(3.6) Long Blades
 + Level 1.6 Ranged Weapons
 + Level 6.1 Armour
 + Level 2.6 Dodging
 + Level 4.3 Shields
 * Level 3.0 Spellcasting


You had 4 spell levels left.
You knew the following spells:

 Your Spells              Type           Power      Damage    Failure   Level
a - Apportation           Tloc           22%        N/A       77%         1
b - Scorch                Fire           22%        2d6       88%         2
c - Mephitic Cloud        Conj/Pois/Air  11%        N/A       98%         3
d - Iskenderun's Mystic   Conj/Tloc      11%        2d4       100%        4
Your spell library was empty.


Dungeon Overview and Level Annotations

Branches:
Dungeon (7/15)             Temple (0/1) D:6           Sewer (visited)

Altars:
Makhleb
Okawaru
Qazlal
Xom
Zin
The Shining One

Shops:
D:2 **?   D:4 [   D:5 :

Annotations:
D:6 exclusion: downstairs


Innate Abilities, Weirdness & Mutations

You are immune to sickness and miasma.
You are immune to poison.
Your flesh is very heat resistant. (rF++)
You are vulnerable to cold. (rC-)
You float through the air rather than walking.
You learn spells naturally, not from books.
Your magical power is your life essence.
You have superior vitality. (+4 MHP)


Message History

The ice beast closely misses you.
You closely miss the ice beast.
The ice beast is heavily wounded.
You closely miss the ice beast.
The ice beast is heavily wounded.
The ice beast hits you. The ice beast freezes you!
You feel a terrible chill!
You barely miss the ice beast.
The ice beast is heavily wounded.
The ice beast hits you but does no damage.
You hit the ice beast.
The ice beast is heavily wounded.
You block the ice beast's attack.
You closely miss the ice beast.
The ice beast is severely wounded.
The ice beast hits you but does no damage.
You hit the ice beast.
The ice beast is severely wounded.
The ice beast looks more healthy.
The ice beast hits you. The ice beast freezes you!
You feel a terrible chill!
* * * LOW HITPOINT WARNING * * *
You hit the ice beast but do no damage.
The ice beast is severely wounded.
You block the ice beast's attack.
You hit the ice beast but do no damage.
The ice beast is severely wounded.
The ice beast hits you but does no damage.
You hit the ice beast but do no damage.
The ice beast is severely wounded.
The ice beast hits you but does no damage.
You hit the ice beast.
The ice beast is almost dead.
You block the ice beast's attack.
You hit the ice beast but do no damage.
The ice beast is almost dead.
You hit the ice beast.
The ice beast is poisoned.
The ice beast is almost dead.
The ice beast hits you.
* * * LOW HITPOINT WARNING * * *
The ice beast freezes you!!
You feel a terrible chill!
You die...

##.....(....
#.........# .
#.........###..#
#............#
#.........##.#
#.........#
##........#
##.....#Y#
#######@# #)#
#.# ###.##
#....#
###....##...
#............
###.....#....
#.[...# ...


You could see an ice beast (very poisoned).

Vanquished Creatures
  A hornet (D:6)
  Sigmund (D:2)
  A water moccasin (D:7)
  Pargi (Sewer)
  An orc warrior (D:7)
  A sky beast (D:6)
  2 ogres
  A centaur (D:6)
  A bullfrog (D:6)
  A necrophage (D:5)
  A scorpion (D:7)
  4 howler monkeys
  A hound (D:7)
  A gnoll bouda (D:5)
  2 orc priests (D:5)
  Ijyb (D:5)
  8 gnolls
  6 adders
  A river rat (D:3)
  5 ufetubi
  2 worms
  4 dart slugs (D:1)
  18 orcs
  7 bats
  6 endoplasms
  4 giant cockroaches
  4 goblins
  5 hobgoblins
  7 kobolds
  8 quokkas
  7 ball pythons
  3 frilled lizards
  5 rats
121 creatures vanquished.

Vanquished Creatures (others)
  14 plants
14 creatures vanquished.

Grand Total: 135 creatures vanquished

Notes
Turn   | Place    | Note
-------+----------+-------------------------------------------
     0 | D:1      | jimonade the Djinni Fighter began the quest for the Orb.
     0 | D:1      | Reached XP level 1. HP: 20/20 MP: 0/0
   296 | D:1      | Reached XP level 2. HP: 18/25 MP: 0/0
   416 | D:1      | Found a faded altar of an unknown god.
   685 | D:1      | Reached XP level 3. HP: 25/30 MP: 0/0
   685 | D:1      | Learned a level 1 spell: Apportation
  1713 | D:2      | Found Ratur Gizim's Assorted Antiques.
  1732 | D:2      | Found Zubelay's Assorted Antiques.
  1809 | D:2      | Found Taomem's Magic Scroll Shoppe.
  2043 | D:2      | Reached XP level 4. HP: 37/37 MP: 0/0
  2148 | D:2      | Noticed Sigmund
  2468 | D:2      | Killed Sigmund
  2469 | D:2      | Reached skill level 1 in Dodging
  2469 | D:2      | Reached XP level 5. HP: 24/41 MP: 0/0
  2469 | D:2      | Learned a level 2 spell: Scorch
  2469 | D:2      | Reached XP level 6. HP: 27/47 MP: 0/0
  2787 | D:2      | You are sucked into a shaft and drop 2 floors!
  3036 | D:4      | Found Feeruseb's Antique Armour Boutique.
  3646 | D:3      | Found a glowing drain.
  3650 | Sewer    | Entered a sewer
  3681 | Sewer    | Noticed Pargi
  3715 | Sewer    | Killed Pargi
  4224 | D:3      | Found an iron altar of Okawaru.
  4293 | D:3      | Became a worshipper of Warmaster Okawaru
  4377 | D:3      | Reached skill level 1 in Spellcasting
  4377 | D:3      | Reached XP level 7. HP: 50/53 MP: 0/0
  4377 | D:3      | Learned a level 3 spell: Mephitic Cloud
  5840 | D:5      | Entered Level 5 of the Dungeon
  5851 | D:5      | Found a glowing golden altar of the Shining One.
  6287 | D:5      | Found a burning altar of Makhleb.
  6367 | D:5      | Found Weufoyg's Book Boutique.
  6770 | D:5      | Noticed Ijyb
  6779 | D:5      | Paralysed by Ijyb for 2 turns
  6785 | D:5      | Killed Ijyb
  6786 | D:5      | Reached XP level 8. HP: 40/58 MP: 0/0
  6945 | D:5      | Found a shimmering altar of Xom.
  7015 | D:5      | Reached skill level 5 in Fighting
  7053 | D:5      | Found a stormy altar of Qazlal.
  7442 | D:6      | Found a glowing silver altar of Zin.
  7965 | D:6      | Found a staircase to the Ecumenical Temple.
  8431 | D:6      | Reached skill level 5 in Armour
  8678 | D:7      | Reached skill level 1 in Ranged Weapons
  8831 | D:7      | Reached * piety under Okawaru
  9106 | D:7      | Noticed a hornet
  9125 | D:6      | Killed a hornet
  9396 | D:6      | Reached XP level 9. HP: 37/66 MP: 0/0
  9396 | D:6      | Learned a level 4 spell: Iskenderun's Mystic Blast
  9758 | D:7      | Reached ** piety under Okawaru
  9808 | D:7      | Mangled by an ice beast

Illustrated notes

Levels and vault maps discovered:
D:1:      ncdulo_halloftheorcs, layout_loops_corners, serial_forest,
          infiniplex_forest_clump_tiny, infiniplex_forest_clump_diagonal,
          infiniplex_forest_zigzag_1, infiniplex_forest_straight_4,
          infiniplex_forest_corner_1, infiniplex_forest_lined_room_3,
          infiniplex_forest_end_1, infiniplex_forest_lined_2,
          infiniplex_forest_straight_5, hellmonk_ecumenical_altar_zigzags
D:2:      layout_loops_ring, serial_shops, shop,
          nicolae_shop_overgrown_old_shop, shop, minmay_misc_feat_more_columns,
          kennysheep_crisscross, uniq_sigmund
D:3:      layout_loops_ring, mainiacjoe_overflow_surrounded_room,
          gup_sewer_entry_spiral
D:4:      layout_gridville, serial_shops, shop
D:5:      layout_loops_ring, mainiacjoe_overflow_tiny_flanked,
          overflow_temple_1_default, minitemple,
          mainiacjoe_overflow_cross_hatched, serial_shops,
          nicolae_shop_behind_doors, kennysheep_generic_room_12, uniq_ijyb
D:6:      layout_basic, mainiacjoe_overflow_concentric_impassable,
          minmay_temple_entry_wispy, nicolae_figureground_sparkle
D:7:      layout_rooms, minmay_alternating_orb

Skill      XL: |  1  2  3  4  5  6  7  8  9 |
---------------+----------------------------+-----
Long Blades    | 2 |  2.3
Fighting       | 4 5 6 |  6.0
Short Blades   | 2 3 4 |  4.3
Dodging        | 1 2 |  2.6
Armour         | 4 5 6 |  6.1
Spellcasting   | 1 2 3 |  3.0
Shields        | 4 |  4.3
Ranged Weapons | 1 |  1.6

Action                   |  1- 3 |  4- 6 |  7- 9 || total
-------------------------+-------+-------+-------++-------
Melee: Long sword        |    12 |       |       ||    12
       Dagger            |    91 |   183 |     6 ||   280
       Short sword       |       |       |   297 ||   297
 Fire: Sling             |       |     4 |    19 ||    23
Throw: Dart              |       |     3 |       ||     3
  Use: Scroll            |       |    10 |       ||    10
Armor: Scale mail        |    41 |    88 |     4 ||   133
       Chain mail        |       |       |   163 ||   163
Dodge: Dodged            |    32 |    82 |   100 ||   214
Block: Buckler           |    17 |    39 |    85 ||   141

Table legend: (Time is in decaauts)
 A = Elapsed time spent in this place.
 B = Non-inter-level travel time spent in this place.
 C = Inter-level travel time spent in this place.
 D = Time resting spent in this place.
 E = Time spent auto-exploring this place.
 F = Levels seen in this place.
 G = Mean time per level.
                   A        B        C        D        E       F      G
               +--------+--------+--------+--------+--------+-----+--------+
         Total |   9803 |   9345 |    458 |   2730 |   4356 |   8 | 1225.4 |
       Dungeon |   9293 |   8835 |    458 |   2377 |   4332 |   7 | 1327.6 |
         Sewer |    509 |    509 |      0 |    353 |     24 |   1 |  509.0 |
               +--------+--------+--------+--------+--------+-----+--------+

Top non-repeatable levels by time:
     D:6: 2318 daAuts
     D:1: 2068 daAuts
     D:4: 1324 daAuts
     D:5: 1268 daAuts
     D:3: 1225 daAuts
     D:2: 903 daAuts
   Sewer: 509 daAuts
     D:7: 184 daAuts
